 Dungeon Crawl Stone Soup version 0.31-a0-232-gb1c03b2570 (webtiles) character file.

Game seed: 18002020421485752608

38 qw the Shooter (level 3, 0/29 HPs)
             Began as a Minotaur Hexslinger on July 7, 2023.
             Slain by an orc priest
             ... wielding a +0 club
              (3 damage)
             ... on level 2 of the Dungeon.
             The game lasted 00:00:24 (1009 turns).

qw the Shooter (Minotaur Hexslinger)                Turns: 1009, Time: 00:00:25

Health: 0/29       AC:  3    Str: 12    XL:     3   Next: 25%
Magic:  3/3        EV: 12    Int: 10    God:
Gold:   71         SH:  0    Dex: 14    Spells: 3/4 levels left

rFire   . . .        Y - +1 sling
rCold   . . .        (no shield)
rNeg    . . .        d - +0 leather armour
rPois   .            (helmet restricted)
rElec   .            (no cloak)
rCorr   .            (no gloves)
SInv    .            (no boots)
Will    .....        e - amulet of regeneration
Stlth   +            (no ring)
HPRegen 1.04/turn    (no ring)
MPRegen 0.08/turn

%: no passive effects
@: about to teleport
A: horns 2, retaliatory headbutt
a: no special abilities


You were on level 2 of the Dungeon.
You visited 1 branch of the dungeon, and saw 3 of its levels.

You collected 71 gold pieces.


Innate Abilities, Weirdness & Mutations

You have a pair of horns on your head.
You reflexively headbutt those who attack you in melee.


   Skills:
 - Level 2.0 Fighting
 + Level 3.8 Ranged Weapons
 - Level 2.1 Dodging
 - Level 1.0 Spellcasting
 - Level 2.0 Hexes


You had 3 spell levels left.
You knew the following spells:

 Your Spells              Type           Power      Damage    Failure   Level
a - Slow                  Hex            16%        N/A       19%         1

Your spell library contained the following spells:

 Spells                   Type           Power      Damage    Failure   Level
 Inner Flame              Hex/Fire       2%         N/A       65%         3
 Portal Projectile        Hex/Tloc       4%         N/A       65%         3
 Cause Fear               Hex            2%         N/A       88%         4

Inventory:

Hand Weapons
 Y - a +1 sling (weapon)
Armour
 d - a +0 leather armour (worn)
Jewellery
 e - an amulet of regeneration (around neck)
Scrolls
 a - a scroll of identify
Potions
 c - a potion of curing {unknown}
 g - a potion of heal wounds {unknown}
 i - a potion of mutation {unknown}

Dungeon Overview and Level Annotations

Branches:
Dungeon (3/15)

Altars:


Message History

The sling bullet hits the dart slug!
The dart slug is severely wounded.
An adder comes into view.
You shoot a sling bullet. The adder hisses angrily.
The sling bullet hits the dart slug.
You kill the dart slug!
You shoot a sling bullet.
The sling bullet hits the orc priest but does no damage.
You shoot a sling bullet.
The sling bullet hits the orc priest but does no damage.
You shoot a sling bullet. The sling bullet hits the orc priest.
The orc priest is moderately wounded.
The orc priest calls down the wrath of Beogh upon you.
Pain shoots through your body! The orc closely misses you.
The adder barely misses you.
1006 ||| STAIRDANCE The adder misses you.
The orc priest calls down the wrath of Beogh upon you.
Beogh smites you! The orc closely misses you.
You climb upwards.
There is a stone staircase leading down here.
Enter note:
Enter note:
Enter note:
Enter note:
Enter note:
Enter note:
Enter note:
Enter note:
Enter note: You shoot a sling bullet.
The sling bullet hits the orc priest.
The orc priest is moderately wounded.
The adder bites you. The orc priest hits you with a +0 club.
The adder bites you but does no damage.
1009 ||| READING scroll of teleportation.
As you read the scroll of teleportation, it crumbles to dust.
You feel strangely unstable. The orc priest hits you with a +0 club.
You die...

#.........#........##
#........%..........##
#.....................
#####..###............
#########..# #..........#.
#..........# #..........#.
#..........####........##.
#........oS............<..
#........@.....####..###..
#..........#########.##...
######..#.## #.......#.#.
#..#.# ##...........
#....# #....PP......
#<..### #...~PP~~....
##..).###.~~P~P~PP...
##.##....PP~~P7~~~...
##..######P~~7777~~~..


You could see an orc priest and an adder.

Vanquished Creatures
  3 dart slugs
  3 bats (D:1)
  2 endoplasms
  A giant cockroach (D:2)
  3 goblins
  2 hobgoblins
  4 jackals (D:1)
  A quokka (D:1)
  2 ball pythons
  5 kobolds
  3 rats
29 creatures vanquished.

Notes
Turn   | Place    | Note
-------+----------+-------------------------------------------
     0 | D:1      | qw the Minotaur Hexslinger began the quest for the Orb.
     0 | D:1      | Reached XP level 1. HP: 16/16 MP: 1/1
     0 | D:1      | 0 ||| qw: Version: 0.3-a-46-gb1f654a
     0 | D:1      | 0 ||| qw: Game counter: 2307
     0 | D:1      | 0 ||| qw: Melee chars always use a shield: true
     0 | D:1      | 0 ||| qw: God list: Okawaru
     0 | D:1      | 0 ||| qw: Allow faded altars: false
     0 | D:1      | 0 ||| qw: Do Orc after clearing Dungeon:15 true
     0 | D:1      | 0 ||| qw: Do second Lair branch before Depths: true
     0 | D:1      | 0 ||| qw: Lair rune preference: random
     0 | D:1      | 0 ||| qw: Goals: Normal
     0 | D:1      | 0 ||| PLANNING D:1-11
    21 | D:1      | 21 ||| FLEEEEING.
    22 | D:1      | 22 ||| FLEEEEING.
    23 | D:1      | 23 ||| FLEEEEING.
    62 | D:1      | Reached skill level 3 in Ranged Weapons
    62 | D:1      | Reached XP level 2. HP: 23/23 MP: 2/2
   516 | D:1      | 516 ||| UPGRADING to +0 leather armour.
   526 | D:1      | 526 ||| DROPPING +0 robe.
   527 | D:1      | 527 ||| DROPPING scarf of harm.
   528 | D:1      | 528 ||| UPGRADING to amulet of regeneration.
   533 | D:1      | 533 ||| READING 3 scrolls labelled KANECVOWYNG.
   534 | D:1      | 534 ||| READING scroll labelled NACEAH OKOMN.
   538 | D:1      | 538 ||| READING 2 scrolls of identify.
   538 | D:1      | 538 ||| IDENTIFYING clear potion
   539 | D:1      | 539 ||| DROPPING scroll of poison.
   540 | D:1      | 540 ||| DROPPING potion of brilliance.
   623 | D:2      | Reached XP level 3. HP: 29/29 MP: 3/3
   977 | D:2      | 977 ||| READING scroll labelled WENOSO FIF MINIFA.
  1006 | D:3      | 1006 ||| STAIRDANCE
  1006 | D:3      | HP: 6/29 [orc priest/divine providence (12)]
  1008 | D:2      | HP: 2/29 [orc priest/+0 club (3)]
  1009 | D:2      | 1009 ||| READING scroll of teleportation.
  1009 | D:2      | Slain by an orc priest

Levels and vault maps discovered:
D:1:      dpeg_arrival_rhombus, layout_rooms, chequers_avenue
D:2:      layout_rooms, shapermc_ecumenical_altar_petra, serial_bayou_pond_c
D:3:      layout_basic, serial_shops, shop, chequers_mini_garden

Skill      XL: |  1  2 |
---------------+-------+-----
Ranged Weapons | 3 |  3.8
Fighting       | 2 |  2.0
Dodging        | |  2.1
Spellcasting   | |  1.0
Hexes          | |  2.0

Action                     || total
---------------------------++-------
   Fire: Sling             ||    69
    Use: Scroll            ||     5
 Armour: Robe              ||     6
         Leather armour    ||     2
  Dodge: Dodged            ||    26

Table legend:
 A = Non-vault XP
 B = Vault XP
 C = Vault XP percentage of total XP
 D = Non-vault monster count
 E = Vault monster count
 F = Vault count percentage of total count
                 A         B        C        D         E       F
            +---------+---------+-------+---------+---------+-------
      Total |      55 |       0 |   0.0 |      29 |       0 |   0.0
            +---------+---------+-------+---------+---------+-------
        D:1 |      34 |       0 |   0.0 |      18 |       0 |   0.0
        D:2 |      17 |       0 |   0.0 |      10 |       0 |   0.0
        D:3 |       4 |       0 |   0.0 |       1 |       0 |   0.0
            +---------+---------+-------+---------+---------+-------
